 Dungeon Crawl Stone Soup version 0.18.1-8-gdd0e5ea (webtiles) character file.

100 M4edhros the Bolt Thrower (level 5, -5/41 HPs)
             Began as a Formicid Hunter on June 4, 2016.
             Killed from afar by an orc wizard (8 damage)
             ... with a magic dart
             ... on level 4 of the Dungeon.
             The game lasted 00:01:54 (1858 turns).

M4edhros the Bolt Thrower (Formicid Hunter)         Turns: 1858, Time: 00:01:55

Health: -5/41      AC:  5    Str: 16    XL:     5   Next: 3%
Magic:  5/5        EV: 18    Int: 11    God:
Gold:   132        SH:  0    Dex: 17    Spells: 0 memorised, 4 levels left

rFire  + . .     SeeInvis +     n - +1 short sword (holy)
rCold  + . .     Gourm    .     c - +0 leather armour
rNeg   . . .     Faith    +     (no shield)
rPois  +         Spirit   .     (helmet unavailable)
rElec  +         Dismiss  .     (no cloak)
rCorr  +         Reflect  .     k - +1 pair of gloves
SustAt .         Harm     .     (no boots)
MR     .....                    p - amulet of faith
Stlth  +++.......               (no ring)
                                q - ring of teleportation (curse)

@: agile, resistant, flying, very slightly contaminated, invisible (expiring),
not resistant to hostile enchantments, fairly stealthy
A: permanent stasis, dig shafts and tunnels, four strong arms, antennae 3
a: Dig, Shaft Self


You were on level 4 of the Dungeon.
You were very hungry.

You visited 1 branch of the dungeon, and saw 4 of its levels.

You collected 132 gold pieces.

Inventory:

Hand Weapons
 a - a +1 hand crossbow
 b - a +0 short sword
 n - a +1 short sword of holy wrath (weapon)
Missiles
 d - 10 bolts
Armour
 c - a +0 leather armour (worn)
 k - a +1 pair of gloves (worn)
Jewellery
 p - an amulet of faith (around neck)
 q - a cursed ring of teleportation (left hand)
Scrolls
 e - 4 scrolls of identify {unknown}
 g - a scroll of noise {unknown}
 h - 2 scrolls of remove curse {unknown}
 j - 3 scrolls of teleportation {unknown}
 s - a scroll of recharging {unknown}
 w - a scroll of blinking {unknown}
Comestibles
 f - 3 bread rations
 m - a meat ration
 o - a beef jerky


   Skills:
 + Level 3.5 Fighting
 - Level 4.0 Crossbows
 * Level 3.6 Dodging
 - Level 1.2 Stealth


You had 4 spell levels left.
You didn't know any spells.

Dungeon Overview and Level Annotations

Branches:
Dungeon (4/15)
 Temple: D:4-7

Altars:
Ashenzari
Nemelex Xobeh
Pakellas
Trog
Zin

Annotations:
D:2 Sigmund


Innate Abilities, Weirdness & Mutations

You are under a permanent stasis effect.
You can dig through walls and to a lower floor.
Your four strong arms can wield two-handed weapons with a shield.
You have a pair of large antennae on your head (SInv).


Message History

The orc misses you.
You puncture the orc!
You kill the orc!
You completely miss the orc wizard.
The orc wizard is heavily wounded.
The quokka completely misses you. The orc wizard completely misses you.
You closely miss the orc wizard.
The orc wizard is heavily wounded.
You are feeling very hungry.
The orc wizard casts a spell at you. The magic dart hits you!
* * * LOW HITPOINT WARNING * * *
The orc wizard gestures at the quokka while chanting.
You resist with some effort.
The orc priest calls down the wrath of Beogh upon something.
You flicker for a moment.
The orc wizard gestures at something while chanting.
The orc wizard casts a spell at you. The magic dart hits you!
You die...

.#.....................#
.........#.............#
..........#...#.#########
................>#
#............#..#
#.>..........#..#
#............#..#
#.......#...#..#
#......@#...#..#
+.......+......#
#.......##..#+##
#.o.....##..<
#.o.#.####....
...##...#.# .....
....r..).#.# ..=......#.#
.........#.#


You could see an orc priest and an orc wizard.

Vanquished Creatures
  Jessica (D:2)
  A gnoll (D:4)
  An adder (D:2)
  An ooze (D:2)
  A giant gecko (D:3)
  3 orcs
  A ball python (D:1)
  A giant cockroach (D:1)
  6 goblins
  3 hobgoblins
  4 jackals (D:1)
  9 bats
  2 giant newts
  5 kobolds
  8 rats
47 creatures vanquished.

Vanquished Creatures (others)
  5 toadstools (D:1)
5 creatures vanquished.

Grand Total: 52 creatures vanquished

Notes
Turn   | Place    | Note
--------------------------------------------------------------
     0 | D:1      | M4edhros the Formicid Hunter began the quest for the Orb.
     0 | D:1      | Reached XP level 1. HP: 16/16 MP: 1/1
   150 | D:1      | Reached XP level 2. HP: 23/23 MP: 2/2
   484 | D:1      | Reached XP level 3. HP: 26/28 MP: 3/3
   863 | D:2      | Found a sparkling altar of Nemelex Xobeh.
   866 | D:2      | Found a glowing silver altar of Zin.
   871 | D:2      | Found an oddly glowing altar of Pakellas.
   879 | D:2      | Found a bloodstained altar of Trog.
   882 | D:2      | Found a shattered altar of Ashenzari.
  1085 | D:2      | Noticed Jessica
  1101 | D:2      | Killed Jessica
  1101 | D:2      | Reached XP level 4. HP: 16/35 MP: 4/4
  1313 | D:2      | Noticed Sigmund
  1617 | D:4      | Reached XP level 5. HP: 17/41 MP: 5/5
  1851 | D:4      | HP: 2/41 [orc wizard/magic dart (7)]
  1858 | D:4      | Killed from afar by an orc wizard

Skill      XL: |  1  2  3 |
---------------+----------+-----
Dodging        | 2 3 |  3.6
Fighting       | 3 |  3.5
Crossbows      | |  4.0
Stealth        | |  1.2

Action                   |  1- 3 |  4- 6 || total
-------------------------+-------+-------++-------
Melee: Short sword       |    32 |    61 ||    93
 Fire: Hand crossbow     |    45 |       ||    45
  Use: Potion            |       |     7 ||     7
 Stab: Sleeping          |     1 |     1 ||     2
  Eat: Chunk             |       |     2 ||     2
Armor: Leather armour    |    20 |    23 ||    43
Dodge: Dodged            |    35 |    53 ||    88
